[ AOE2 MATCH · #493035566 ]
UnrankedGeorgians vs Britons
Player's team · WIN
Rival team · LOSS
[ REPLAY ANALYSIS · EXTRACTED FROM THE RECORDED GAME ]
Feudal
8:29
Castle
31:54
Imperial
—
| APM avg | 31.1 |
| APM peak | 64 |
| eAPM avg | 14.1 |
| Villagers / military | 49 / 0 |
Focus
⚔️ 28.4% · 🌾 71.6%
Feudal
8:58
Castle
—
Imperial
—
| APM avg | 56.9 |
| APM peak | 84 |
| eAPM avg | 22.7 |
| Villagers / military | 46 / 24 |
Focus
⚔️ 33.3% · 🌾 66.7%
Archer ×18 · Militia ×5 · Spearman ×1
Match map
Initial resources + every placement click. Lines = walls · curves = elevation contours. ◆ gold · ⬟ stone · ● berries · ✦ relic · ◌ wall gap
Your base· Open — 7t gap
NPG-Dastinx9999 T.TV's base· Open — unwalled flank
Smoothed initial terrain · ◌ = detected wall gap · hover for details
Inputs per minute
— DS_Gitano Urbano - - NPG-Dastinx9999 T.TV
Build order — DS_Gitano Urbano
97 actions detected in the replay
| 0:01 | Create | Villager (Male) ×4 |
| 0:06 | Build | House |
| 0:08 | Build | House |
| 1:32 | Create | Villager (Male) |
| 1:32 | Create | Villager (Male) |
| 2:09 | Create | Villager (Male) |
| 2:28 | Create | Villager (Male) |
| 2:40 | Build | Mill |
| 2:56 | Create | Villager (Male) |
| 2:57 | Create | Villager (Male) |
| 3:27 | Build | House |
| 3:44 | Create | Villager (Male) |
| 4:06 | Create | Villager (Male) |
| 4:31 | Create | Villager (Male) |
| 4:53 | Create | Villager (Male) |
| 5:12 | Create | Villager (Male) |
| 5:39 | Research | Loom |
| 6:14 | Research | Feudal Age |
| 6:29 | Build | Mule Cart |
| 6:49 | Build | House |
| 7:45 | Create | Villager (Male) |
| 7:46 | Create | Villager (Male) |
| 8:29 | Age | Feudal Age |
| 8:33 | Create | Villager (Male) |
| 8:44 | Build | Watch Tower |
| 8:54 | Build | Watch Tower |
| 9:00 | Build | House |
| 9:03 | Create | Villager (Male) |
| 9:20 | Create | Villager (Male) |
| 9:26 | Build | Watch Tower |
| 9:41 | Build | Palisade Wall |
| 10:02 | Create | Villager (Male) |
| 10:20 | Build | Blacksmith |
| 10:49 | Create | Villager (Male) |
| 11:17 | Build | Blacksmith |
| 11:24 | Create | Villager (Male) |
| 12:22 | Create | Villager (Male) |
| 12:32 | Create | Villager (Male) |
| 12:45 | Build | Watch Tower |
| 13:10 | Research | Fletching |
| 13:32 | Build | Watch Tower |
| 13:50 | Create | Villager (Male) |
| 14:18 | Build | Watch Tower |
| 14:33 | Build | Mule Cart |
| 14:47 | Build | Farm |
| 14:57 | Create | Villager (Male) |
| 16:13 | Create | Villager (Male) |
| 16:20 | Build | Watch Tower |
| 16:33 | Build | Watch Tower |
| 17:00 | Create | Villager (Male) |
| 17:43 | Build | Watch Tower |
| 17:45 | Create | Villager (Male) |
| 17:50 | Build | Farm |
| 18:12 | Create | Villager (Male) |
| 18:31 | Build | Farm |
| 18:37 | Build | Farm |
| 18:55 | Create | Villager (Male) |
| 18:58 | Build | Mule Cart |
| 19:21 | Create | Villager (Male) |
| 19:33 | Build | Watch Tower |
| 19:37 | Create | Villager (Male) |
| 19:41 | Build | Farm |
| 20:09 | Build | Watch Tower |
| 20:17 | Research | Town Watch |
| 20:41 | Create | Villager (Male) |
| 20:55 | Create | Villager (Male) |
| 21:03 | Create | Villager (Male) |
| 21:21 | Build | Watch Tower |
| 21:24 | Create | Villager (Male) |
| 21:32 | Build | House |
| 21:37 | Build | Farm |
| 22:08 | Create | Villager (Male) |
| 22:28 | Create | Villager (Male) |
| 22:56 | Create | Villager (Male) |
| 23:53 | Create | Villager (Male) |
| 24:20 | Create | Villager (Male) |
| 24:23 | Build | Market |
| 24:27 | Build | House |
| 24:52 | Build | House |
| 24:54 | Build | House |
| 24:58 | Build | House |
| 25:00 | Build | House |
| 25:03 | Create | Villager (Male) |
| 25:15 | Create | Villager (Male) |
| 25:52 | Build | Watch Tower |
| 25:59 | Create | Villager (Male) |
| 26:22 | Research | Wheelbarrow |
| 26:29 | Build | Farm |
| 28:05 | Create | Villager (Male) |
| 28:47 | Build | Mule Cart |
| 29:14 | Research | Castle Age |
| 29:56 | Build | Watch Tower |
| 30:35 | Build | Watch Tower |
| 30:49 | Build | Watch Tower |
| 31:54 | Age | Castle Age |
| 31:57 | Create | Villager (Male) |
| 31:58 | Create | Villager (Male) |
Build order — NPG-Dastinx9999 T.TV
124 actions detected in the replay
| 0:00 | Create | Villager (Male) |
| 0:00 | Create | Villager (Male) |
| 0:01 | Create | Villager (Male) |
| 0:02 | Build | House |
| 0:04 | Build | House |
| 0:13 | Create | Villager (Male) |
| 1:13 | Create | Villager (Male) |
| 1:38 | Create | Villager (Male) |
| 2:02 | Build | Lumber Camp |
| 2:18 | Create | Villager (Male) |
| 2:47 | Create | Villager (Male) |
| 3:19 | Create | Villager (Male) |
| 3:19 | Create | Villager (Male) |
| 3:26 | Build | House |
| 3:50 | Create | Villager (Male) |
| 4:18 | Create | Villager (Male) |
| 4:18 | Create | Villager (Male) |
| 5:04 | Create | Villager (Male) |
| 5:04 | Create | Villager (Male) |
| 5:20 | Build | Barracks |
| 6:12 | Build | House |
| 6:14 | Build | Palisade Wall |
| 6:19 | Research | Loom |
| 6:48 | Research | Feudal Age |
| 7:07 | Create | Militia |
| 7:07 | Create | Militia |
| 7:08 | Create | Militia |
| 7:32 | Build | House |
| 7:34 | Build | House |
| 7:44 | Create | Militia |
| 8:30 | Build | Mill |
| 8:58 | Age | Feudal Age |
| 9:03 | Research | Man-at-Arms (upgrade) |
| 9:04 | Create | Spearman |
| 9:05 | Create | Villager (Male) |
| 9:05 | Create | Villager (Male) |
| 9:18 | Build | Watch Tower |
| 9:37 | Build | House |
| 9:51 | Create | Villager (Male) |
| 9:54 | Create | Militia |
| 10:21 | Create | Villager (Male) |
| 10:28 | Build | Mining Camp |
| 11:09 | Build | Archery Range |
| 11:19 | Build | Farm |
| 11:45 | Build | Farm |
| 11:47 | Build | Farm |
| 12:09 | Build | Farm |
| 12:25 | Build | House |
| 12:26 | Build | House |
| 12:28 | Build | Palisade Wall |
| 12:32 | Build | Farm |
| 12:33 | Build | Farm |
| 12:35 | Create | Archer |
| 12:35 | Create | Archer |
| 12:46 | Create | Villager (Male) |
| 13:09 | Create | Archer |
| 13:35 | Create | Villager (Male) |
| 13:49 | Build | Market |
| 13:55 | Create | Archer |
| 13:59 | Create | Villager (Male) |
| 14:33 | Create | Villager (Male) |
| 15:00 | Create | Archer |
| 15:00 | Create | Archer |
| 15:27 | Build | Farm |
| 15:30 | Build | Farm |
| 15:31 | Create | Villager (Male) |
| 15:46 | Create | Archer |
| 15:46 | Create | Archer |
| 16:03 | Build | Farm |
| 16:42 | Create | Villager (Male) |
| 16:43 | Create | Villager (Male) |
| 17:16 | Build | Mining Camp |
| 17:36 | Create | Villager (Male) |
| 18:00 | Build | Watch Tower |
| 18:11 | Build | Watch Tower |
| 18:18 | Build | Mill |
| 18:42 | Create | Villager (Male) |
| 18:47 | Build | House |
| 18:52 | Build | Farm |
| 19:06 | Create | Villager (Male) |
| 19:06 | Create | Villager (Male) |
| 19:06 | Create | Villager (Male) |
| 19:14 | Build | Farm |
| 19:52 | Create | Villager (Male) |
| 19:59 | Build | Farm |
| 20:12 | Build | Blacksmith |
| 20:17 | Create | Archer |
| 20:44 | Build | Watch Tower |
| 20:53 | Research | Fletching |
| 20:53 | Research | Fletching |
| 21:04 | Create | Villager (Male) |
| 21:58 | Create | Archer |
| 21:58 | Create | Archer |
| 21:58 | Create | Archer |
| 21:59 | Create | Archer |
| 22:27 | Create | Villager (Male) |
| 23:09 | Create | Villager (Male) |
| 23:28 | Build | Lumber Camp |
| 23:31 | Build | House |
| 23:39 | Build | Farm |
| 23:46 | Create | Villager (Male) |
| 23:53 | Research | Town Watch |
| 24:11 | Create | Villager (Male) |
| 24:18 | Build | House |
| 24:45 | Create | Villager (Male) |
| 25:01 | Create | Villager (Male) |
| 25:37 | Build | Farm |
| 25:39 | Build | Farm |
| 25:40 | Build | Farm |
| 25:42 | Build | Farm |
| 25:43 | Create | Villager (Male) |
| 25:59 | Build | Watch Tower |
| 26:59 | Create | Villager (Male) |
| 28:03 | Create | Archer |
| 28:04 | Create | Villager (Male) |
| 28:05 | Create | Villager (Male) |
| 28:05 | Create | Villager (Male) |
| 28:39 | Create | Villager (Male) |
| 28:40 | Create | Archer |
| 29:55 | Create | Archer |
| 30:15 | Build | Watch Tower |
| 30:59 | Create | Villager (Male) |
| 31:18 | Create | Archer |
| 31:19 | Create | Archer |
Match timeline
| 5:20 | NPG-Dastinx9999 T.TV · first_building Barracks |
| 6:14 | NPG-Dastinx9999 T.TV · wall_segment Palisade Wall x1 |
| 8:29 | DS_Gitano Urbano · age_up feudal |
| 8:58 | NPG-Dastinx9999 T.TV · age_up feudal |
| 9:41 | DS_Gitano Urbano · wall_segment Palisade Wall x1 |
| 11:09 | NPG-Dastinx9999 T.TV · first_building Archery Range |
| 12:28 | NPG-Dastinx9999 T.TV · wall_segment Palisade Wall x1 |
| 16:49 | NPG-Dastinx9999 T.TV · first_market_sell 100 wood |
| 17:55 | NPG-Dastinx9999 T.TV · first_market_buy 100 stone |
| 25:08 | DS_Gitano Urbano · first_market_buy 500 food |
| 26:34 | DS_Gitano Urbano · first_market_sell 500 wood |
| 31:54 | DS_Gitano Urbano · age_up castle |
| 32:03 | NPG-Dastinx9999 T.TV · resign |
[ AI ANALYSIS · 1 CREDIT ]
What really happened in this match?
Wolo.gg analyzes every decision: build order, eco, micro, common mistakes by bracket. Personalized analysis on WhatsApp or Discord in 30 seconds.
Civ guide
Georgians
Perfil
DS_Gitano Urbano